 Dungeon Crawl Stone Soup version bcrawl-1.28.4 (webtiles) character file.

Game seed: 3761497723908130287

253577 Morbidden the Awoken (level 9, -1/72 HPs)
             Began as a Demigod Fighter on Jan 4, 2021.
             Slain by a warg (6 damage)
             ... on level 7 of the Dungeon.
             The game lasted 00:12:59 (7088 turns).

Morbidden the Awoken (Demigod Fighter)              Turns: 7088, Time: 00:13:00

Health: -1/72      AC: 12    Str: 24    XL:     9   Next: 34%
Magic:  18/18      EV:  3    Int: 14    God:    Demigod [***...]
Gold:   350        SH: 10    Dex: 16    Spells: 8/8 levels left

rFire    + . .     SeeInvis .   b - +0 hunting sling
rCold    + . .     Gourm    .   c - +0 medium shield
rNeg     . . .     Faith    .   v - +0 chain mail
rPois    .         Spirit   .   s - +2 helmet
rElec    .         Reflect  .   (no cloak)
rCorr    .         Harm     .   (no gloves)
MR       .....                  (no boots)
Stlth    ..........             w - amulet of rage
HPRegen  0.22/turn              n - ring of protection from cold
MPRegen  0.16/turn              C - ring of protection from fire

@: heavily drained
A: high mp 1
a: Temporal Distortion, Growth, Major Destruction, Evoke Berserk Rage


You were on level 7 of the Dungeon.
You worshipped Demigod.
Demigod was most pleased with you.
You were near starving.

You visited 1 branch of the dungeon, and saw 8 of its levels.

You collected 450 gold pieces.
You spent 100 gold pieces at shops.

Inventory:

Hand Weapons
 a - a +0 long sword
 b - a +0 hunting sling (weapon)
 r - a +1 short sword of flaming
Missiles
 g - 1006 stones
 y - 670 sling bullets (quivered)
 G - 122 poisoned tomahawks
Armour
 c - a +0 medium shield (worn)
 s - a +2 helmet (worn)
 v - a +0 chain mail (worn)
Jewellery
 n - a ring of protection from cold (left hand)
 w - an amulet of rage (around neck)
 C - a ring of protection from fire (right hand)
 D - the ring of Salvation {+Fly MP+9}
   (You found it on level 5 of the Dungeon)

   [ring of flight]

   It affects your magic capacity (+9).
   It lets you fly.
Scrolls
 f - 2 scrolls of amnesia {unknown}
 h - 5 scrolls of teleportation
 j - 3 scrolls of enchant weapon {unknown}
 k - 4 scrolls of enchant armour {unknown}
 m - a scroll of magic mapping {unknown}
 p - 3 scrolls of remove curse {unknown}
 q - a scroll of fear {unknown}
 u - a scroll of noise {unknown}
 x - 3 scrolls of blinking
 E - a scroll of identify
 H - a scroll of silence {unknown}
Potions
 d - 2 potions of might
 i - 3 potions of ambrosia
 l - a potion of haste
 o - 2 potions of degeneration
 t - a potion of cancellation {unknown}
 z - a potion of berserk rage {unknown}
 A - a potion of flight {unknown}
 B - a potion of heal wounds {unknown}
 J - a potion of lignification
Comestibles
 e - 9 rations {!d}


   Skills:
 + Level 4.7(3.3) Fighting
 + Level 1.0 Short Blades
 + Level 3.4(2.1) Long Blades
 + Level 6.7(5.2) Slings
 + Level 0.2(2.6) Throwing
 + Level 4.6(3.1) Armour
 + Level 0.9(0.0) Dodging
 + Level 0.3(0.0) Stealth
 + Level 4.8(3.3) Shields
 * Level 7.5(5.9) Invocations
 + Level 0.1(0.0) Evocations


You had 8 spell levels left.
You didn't know any spells.
Your spell library was empty.

Dungeon Overview and Level Annotations

Branches:
Dungeon (8/12)             Temple (0/1) D:5
   Lair: D:7-9          Orc: D:8-11

Shops:
D:4 ==*

Annotations:
D:8 3 runed translucent doors, Morbidden's ghost, novice DrWz; yrara's ghost, novice DsFi


Innate Abilities, Weirdness & Mutations

You have an increased reservoir of magic. (+10% MP)


Message History

The warg is severely wounded.
You block the warg's attack.
No path to travel!
Unknown command.
Unknown command.
Unknown command.
Unknown command.
Unknown command.
Unknown command.
Unknown command.
Unknown command.
Okay, then.
Unknown command.
Unknown command.
The orc wizard mumbles some strange words.
The orc wizard seems to speed up.
The orc wizard gestures wildly while chanting.
The orc wizard blinks!
The warg bites you.
You die...
Your divinity fades.

####### ... .....
#..# .#### #..# #..#
#..# .## #..# ...#
#..######## ....#
#..@....... .....
##h#######. ......
#o# .o.o# #.#
#oo###{# #...##o# ..#
###..h.#.# ..# #.#
#......o§#######..#
#.#
....................#
#.##


You could see a warg, an orc warrior and 2 orcs.

Vanquished Creatures
  Pikel (D:5)
  Prince Ribbit (D:6)
  A wraith (D:6)
  A warg (D:7)
  Menkaure (D:4)
  Duvessa (D:6)
  A slave (D:5)
  An ogre (D:7)
  A phantom (D:8)
  A centaur (D:6)
  A bullfrog (D:7)
  Dowan (D:6)
  A scorpion (D:6)
  A wight (D:7)
  5 howler monkeys
  4 crimson imps
  A bullfrog zombie (D:6)
  A centaur zombie (D:4)
  4 hounds
  A jelly (D:7)
  3 orc wizards
  2 orc priests (D:5)
  A bullfrog skeleton (D:5)
  An iguana (D:5)
  3 worker ants
  A hound zombie (D:5)
  A hound skeleton (D:4)
  Robin (D:4)
  7 gnolls
  6 adders
  A shadow imp (D:7)
  An adder skeleton (D:8)
  An adder zombie (D:4)
  4 worms
  2 dart slugs
  3 leopard geckos
  14 orcs
  2 ball pythons
  3 giant cockroaches
  14 goblins
  14 hobgoblins
  9 jackals
  5 quokkas
  4 bats
  A frilled lizard (D:2)
  A jackal skeleton (D:4)
  3 kobolds
  5 rats
143 creatures vanquished.

Vanquished Creatures (others)
  2 slaves (D:6)
  A bullfrog (D:6)
  An orc (D:6)
  A plant (D:3)
  A withered plant (D:8)
6 creatures vanquished.

Grand Total: 149 creatures vanquished

Notes
Turn   | Place    | Note
-------+----------+-------------------------------------------
     0 | D:1      | Morbidden the Demigod Fighter began the quest for the Orb.
     0 | D:1      | Reached XP level 1. HP: 18/18 MP: 3/3
   147 | D:1      | Reached XP level 2. HP: 24/25 MP: 4/4
   268 | D:1      | Reached skill level 1 in Slings
   715 | D:2      | Reached * piety under Demigod
   716 | D:2      | Reached XP level 3. HP: 30/30 MP: 5/5
   882 | D:2      | Reached skill level 1 in Invocations
   888 | D:2      | Got a crude platinum amulet
   914 | D:2      | Identified the amulet of Scepticism {Inacc MR+} (You found
                  | it on level 2 of the Dungeon)
   965 | D:2      | Found a corrupted altar of Lugonu.
  1295 | D:3      | Reached XP level 4. HP: 14/38 MP: 7/7
  1651 | D:3      | Reached skill level 1 in Short Blades
  1846 | D:3      | Found a hide-covered altar of Uskayaw.
  2234 | D:4      | Reached skill level 2 in Invocations
  2234 | D:4      | Reached XP level 5. HP: 36/45 MP: 7/9
  2415 | D:4      | Found Voireitz's Assorted Antiques.
  2422 | D:4      | Bought a notched opal ring for 100 gold pieces
  2553 | D:4      | Found Deor's Jewellery Boutique.
  2574 | D:4      | Noticed Robin
  2585 | D:4      | Killed Robin
  2586 | D:4      | Reached ** piety under Demigod
  2590 | D:4      | Reached XP level 6. HP: 51/51 MP: 10/10
  2807 | D:4      | Found Tugozora's Jewellery Shop.
  2876 | D:4      | Noticed Menkaure
  3237 | D:4      | Killed Menkaure
  3238 | D:4      | Reached skill level 3 in Invocations
  3342 | D:4      | Reached XP level 7. HP: 52/57 MP: 12/12
  3420 | D:5      | Entered Level 5 of the Dungeon
  3602 | D:5      | Got a scorched silver ring
  3633 | D:5      | Found a staircase to the Ecumenical Temple.
  3998 | D:5      | Reached skill level 4 in Invocations
  4454 | D:6      | Noticed Pikel
  4601 | D:6      | Reached skill level 5 in Slings
  4846 | D:5      | Killed Pikel
  4847 | D:5      | Reached skill level 5 in Invocations
  4847 | D:5      | Reached XP level 8. HP: 42/66 MP: 13/15
  5121 | D:6      | Found a glowing silver altar of Zin.
  5126 | D:6      | Noticed Prince Ribbit
  5149 | D:6      | Killed Prince Ribbit
  5150 | D:6      | Reached skill level 6 in Invocations
  5324 | D:6      | Found a blossoming altar of Fedhas.
  5844 | D:6      | Noticed Dowan
  5850 | D:6      | Noticed Duvessa
  5871 | D:6      | Killed Duvessa
  5880 | D:6      | Killed Dowan
  6093 | D:7      | Reached XP level 9. HP: 72/72 MP: 17/17
  6121 | D:7      | Reached *** piety under Demigod
  6127 | D:7      | Reached skill level 7 in Invocations
  6615 | D:7      | Identified the ring of Salvation {+Fly MP+9} (You found it
                  | on level 5 of the Dungeon)
  6867 | D:8      | Found a shattered altar of Ashenzari.
  6901 | D:8      | Found a runed translucent gate.
  6902 | D:8      | Found a runed translucent gate.
  6902 | D:8      | Found a runed translucent gate.
  6902 | D:8      | Noticed yrara's ghost (novice DsFi)
  6902 | D:8      | Noticed Morbidden's ghost (novice DrWz)
  7088 | D:7      | Slain by a warg

Skill      XL: |  1  2  3  4  5  6  7  8  9 |
---------------+----------------------------+-----
Slings         | 1 2 3 4 5 6 |  6.7
Fighting       | 3 4 |  4.7
Invocations    | 1 2 3 5 6 7 |  7.5
Shields        | 3 4 |  4.8
Short Blades   | 1 |  1.0
Armour         | 3 4 |  4.6
Long Blades    | 2 3 |  3.4
Throwing       | |  0.2
Dodging        | |  0.9
Stealth        | |  0.3
Evocations     | |  0.1

Action                   |  1- 3 |  4- 6 |  7- 9 || total
-------------------------+-------+-------+-------++-------
Melee: Long sword        |     6 |    10 |   139 ||   155
       Short sword       |    71 |     8 |       ||    79
 Fire: Hunting sling     |    74 |   225 |   331 ||   630
Throw: Tomahawk          |       |       |     5 ||     5
       Stone             |       |       |     1 ||     1
Evoke: Wand              |       |       |     5 ||     5
  Use: Scroll            |     3 |     2 |     3 ||     8
       Potion            |       |       |     6 ||     6
 Stab: Confused          |       |       |     1 ||     1
  Eat: Chunk             |     6 |    14 |    17 ||    37
       Ration            |       |       |     2 ||     2
Armor: Scale mail        |    23 |       |       ||    23
       Chain mail        |    15 |    98 |   162 ||   275
       Skin              |       |       |     5 ||     5
Dodge: Dodged            |    21 |    30 |    50 ||   101
Block: Medium shield     |    63 |   102 |   227 ||   392
